 Dungeon Crawl Stone Soup version 0.28.0-43-g3370ac3207 (webtiles) character file.

Game seed: 13940571996583071139

68672 demenzo the Tortoise (level 15, -5/103 HPs)
             Began as a Tengu Gladiator on Mar 14, 2022.
             Was a High Priest of Trog.
             Slain by a two-headed ogre
             ... wielding a +0 giant club
              (14 damage)
             ... on level 13 of the Dungeon.
             The game lasted 00:36:49 (20661 turns).

demenzo the Tortoise (Tengu Gladiator)             Turns: 20661, Time: 00:36:50

Health: -5/103     AC: 34    Str: 21    XL:     15   Next: 27%
Magic:  16/16      EV: 13    Int:  8    God:    Trog [*****.]
Gold:   1592       SH:  0    Dex: 23    Spells: 14/14 levels left

rFire   + . .      SeeInvis .   a - +7 whip of the Hall of Blades {elec, rPois Will+}
rCold   . . .      Faith    +   (no shield)
rNeg    . . .      Spirit   .   P - +9 plate armour of the Midnight Sun {rPois Str+2 Dex+4}
rPois   +          Reflect  .   c - +1 hat
rElec   .          Harm     .   L - +2 cloak
rCorr   .          Rampage  .   V - +2 pair of gloves
Will    +++++                   (boots unavailable)
Stlth   ..........              v - amulet of faith
HPRegen 1.27/turn               n - ring of protection from fire
MPRegen 0.15/turn               Y - ring of willpower

@: strong-willed, flying quickly and evasively, regenerating, quick
A: beak, talons 3, nimble flight
a: Renounce Religion, Berserk, Trog's Hand, Brothers in Arms


You were on level 13 of the Dungeon.
You worshipped Trog.
Trog was extremely pleased with you.
You visited 3 branches of the dungeon, and saw 20 of its levels.
You also visited: Bailey.

You collected 1856 gold pieces.
You spent 264 gold pieces at shops.

Inventory:

Hand Weapons
 a - the +7 whip of the Hall of Blades (weapon) {elec, rPois Will+}
   (You took it off a gnoll on level 2 of the Dungeon)

   It occasionally discharges a powerful burst of electricity upon striking a
   foe.
   rPois:     It protects you from poison.
   Will:      It increases your willpower.
 b - the +6 fustibalus of Otatergh {freeze, Str+3}
   (You acquired it on level 3 of the Lair of Beasts)

   Any ammunition fired from it freezes those it strikes, dealing additional
   cold damage.
   It can also slow down cold-blooded creatures.
   Str:       It affects your strength (+3).
 g - a +2 antimagic great mace
Missiles
 d - 4 throwing nets
 e - 563 stones
 f - 56 sling bullets
 j - 21 poisoned darts
 D - 3 curare-tipped darts (quivered)
 J - 4 datura-tipped darts
Armour
 c - a +1 hat (worn)
 L - a +2 cloak (worn)
 O - a scarf of invisibility
 P - the +9 plate armour of the Midnight Sun (worn) {rPois Str+2 Dex+4}
   (You found it on level 6 of the Lair of Beasts)

   Str:       It affects your strength (+2).
   Dex:       It affects your dexterity (+4).
   rPois:     It protects you from poison.
 V - a +2 pair of gloves (worn)
Jewellery
 m - a ring of poison resistance
 n - a ring of protection from fire (left hand)
 v - an amulet of faith (around neck)
 M - a ring of ice
 N - a ring of willpower
 S - a ring of protection from cold
 Y - a ring of willpower (right hand)
Wands
 x - a wand of mindburst (8)
 y - a wand of polymorph (17)
 A - a wand of paralysis (17)
 H - a wand of flame (63)
 Q - a wand of charming (19)
 R - a wand of acid (12)
 T - a wand of digging (7)
 X - a wand of iceblast (10)
Scrolls
 h - 2 scrolls of fog
 i - a scroll of immolation
 l - 2 scrolls of magic mapping
 q - 8 scrolls of enchant armour
 B - a scroll of brand weapon
 C - a scroll of silence
 F - 4 scrolls of teleportation
 I - 10 scrolls of identify
 W - 2 scrolls of fear
 Z - a scroll of blinking
Potions
 k - a potion of might
 o - 6 potions of mutation
 p - 12 potions of curing
 r - 11 potions of heal wounds
 s - 2 potions of haste
 t - a potion of berserk rage
 u - a potion of ambrosia
 w - a potion of cancellation
 z - 2 potions of resistance
 E - 3 potions of magic
 G - 3 potions of attraction
 U - 2 potions of invisibility
Miscellaneous
 K - a piece from Xom's chessboard (15/15)


   Skills:
 + Level 15.5 Fighting
 - Level 12.0 Maces & Flails
 - Level 4.4 Polearms
 * Level 10.8(10.9) Slings
 - Level 2.0(7.1) Throwing
 - Level 16.1 Armour
 + Level 5.9 Dodging


You had 14 spell levels left.
You didn't know any spells.
Your spell library contained the following spells:

 Spells                   Type           Power      Damage    Failure   Level
 Summon Ice Beast         Ice/Summ       0%         N/A       100%        4
 Summon Mana Viper        Hex/Summ       0%         N/A       100%        5
 Monstrous Menagerie      Summ           0%         N/A       100%        7


Dungeon Overview and Level Annotations

Branches:
Dungeon (13/15)            Temple (1/1) D:4            Lair (6/6) D:9
 Shoals (0/4) Lair:3        Snake (0/4) Lair:2        Slime (0/5) Lair:5
    Orc (0/2) D:9          Bailey (visited)
 Vaults: D:13-14

Altars:
Ashenzari
Cheibriados
Dithmenos
Elyvilon
Fedhas
Gozag
Hepliaklqana
Kikubaaqudgha
Makhleb
Nemelex Xobeh
Okawaru
Qazlal
Ru
Sif Muna
Trog
Uskayaw
Vehumet
Wu Jian
Xom
Yredelemnul
Zin
The Shining One
Jiyva

Shops:
D:9 !

Annotations:
D:5 1 runed translucent door, saw2855's ghost, novice MiBe
D:13 exclusion: door
Lair:4 3 runed translucent doors, WaxSun's ghost, journeyman OgFE
Lair:5 exclusion: oklob plant


Innate Abilities, Weirdness & Mutations

You have a beak for a mouth.
You have claws for feet.
Your magical nature lets you fly swiftly and evasively.


Message History

You whack the two-headed ogre!
The two-headed ogre is heavily wounded.
The ogre hits you with a +0 giant spiked club.
You hit the two-headed ogre. Your kick misses the two-headed ogre.
The two-headed ogre is heavily wounded.
The two-headed ogre hits you but does no damage.
The two-headed ogre hits you with a +0 giant club!
Something hits you but does no damage.
You are too injured to fight recklessly!
You are too injured to fight recklessly!
You are too injured to fight recklessly!
You are too injured to fight recklessly!
You are too injured to fight recklessly!
You are too injured to fight recklessly!
You are too injured to fight recklessly!
You completely miss the two-headed ogre.
You claw the two-headed ogre, but do no damage.
You peck the two-headed ogre.
The two-headed ogre is heavily wounded.
You hit the two-headed ogre but do no damage.
Lightning courses through the two-headed ogre!!
You claw the two-headed ogre, but do no damage.
You peck the two-headed ogre, but do no damage.
The two-headed ogre is almost dead.
The two-headed ogre hits you with a +0 giant spiked club!
The two-headed ogre hits you with a +0 giant club.
* * * LOW HITPOINT WARNING * * *
Something hits you!
* * * LOW HITPOINT WARNING * * *
The ogre misses you.
Unknown command.
You hit the two-headed ogre.
Lightning courses through the two-headed ogre!!
You kill the two-headed ogre!
Trog accepts your kill.
Unknown command.
The two-headed ogre hits you with a +0 giant club!
* * * LOW HITPOINT WARNING * * *
The two-headed ogre hits you with a +0 giant spiked club!
You die...

####......#.#.##
#......#.##.###
##.......#####
####........###
##.............#
##.............##
########...............#
............OO.....<>..#
........$..)#.@........#
...........O).....###..#
......#....####)..# ###
......#...... ....#
z.........##.. .!.#
.....#..... #..####
#######....# ## #...


You could see a two-headed ogre and 2 ogres.

Vanquished Creatures
  Snorg (Lair:6)
  A boulder beetle (D:11)
  An ice dragon (Lair:6)
  9 hydras
  2 vault guards (Bailey)
  A catoblepas (Lair:3)
  5 two-headed ogres
  2 tengu warriors (D:12)
  An ugly thing (D:13)
  2 wolf spiders (Lair:6)
  2 manticores (D:12)
  4 lindwurms
  3 cyclopes
  6 elephants (Lair:5)
  A merfolk siren (Lair:3)
  A guardian serpent (Lair:6)
  Maurice (D:10)
  10 black mambas
  6 torpor snails (Lair:6)
  Joseph (Lair:1)
  18 cane toads
  Psyche (D:8)
  9 rime drakes
  12 komodo dragons
  4 polar bears
  A meliai (shapeshifter) (D:12)
  A queen bee (shapeshifter) (D:12)
  5 trolls
  4 tyrant leeches (Lair:6)
  A blink frog (shapeshifter) (D:12)
  4 blink frogs
  Prince Ribbit (Bailey)
  10 hornets
  6 dream sheep (Lair:6)
  2 shadows
  2 wraiths
  29 yaks
  Eustachio (D:5)
  7 humans (Bailey)
  15 wyverns
  5 basilisks
  Grum (Lair:1)
  21 vampire mosquitoes
  15 steam dragons
  3 redbacks (Lair:6)
  3 nagas (Lair:2)
  23 water moccasins
  Duvessa (D:6)
  5 orc warriors
  An ice beast (D:5)
  4 black bears
  6 ogres
  23 wolves
  3 centaurs
  A phantom (D:5)
  A kobold brigand (D:9)
  23 bullfrogs
  A gnoll sergeant (D:6)
  4 scorpions
  A wyvern zombie (D:7)
  Dowan (D:6)
  7 killer bees (D:9)
  4 howler monkeys
  3 wights (D:9)
  2 electric eels (Lair:1)
  3 centaur zombies
  3 hounds
  A jelly (D:7)
  8 orc priests
  2 gnoll shamans
  A centaur skeleton (D:4)
  3 iguanas
  5 orc wizards
  A hound zombie (D:5)
  21 gnolls
  A howler monkey zombie (D:10)
  10 adders
  2 white imps
  An ufetubus (D:5)
  A dart slug (D:1)
  25 orcs
  7 endoplasms
  3 giant cockroaches
  8 hobgoblins
  4 jackals (D:1)
  5 quokkas
  3 ball pythons
  9 bats
  A frilled lizard (D:3)
  17 goblins
  12 kobolds
  5 rats
  A spectral orc (D:10)
  A bush (Lair:1)
  A plant (Lair:6)
520 creatures vanquished.

Vanquished Creatures (others)
  A steam dragon (Lair:4)
  56 fungi
  57 plants
114 creatures vanquished.

Grand Total: 634 creatures vanquished

Notes
Turn   | Place    | Note
-------+----------+-------------------------------------------
     0 | D:1      | demenzo the Tengu Gladiator began the quest for the Orb.
     0 | D:1      | Reached XP level 1. HP: 12/12 MP: 2/2
   112 | D:1      | Reached XP level 2. HP: 16/17 MP: 3/3
   493 | D:1      | Reached XP level 3. HP: 22/22 MP: 4/4
   706 | D:1      | Found a faded altar of an unknown god.
  1003 | D:2      | Identified the +5 ring mail "Ehodd" {Str-4 Int+5 Dex+6}
  1156 | D:2      | Identified the +7 whip of the Hall of Blades {elec, rPois
                  | Will+}
  1179 | D:2      | Reached XP level 4. HP: 15/27 MP: 5/5
  1451 | D:2      | You fall into a shaft and drop 2 floors!
  1514 | D:4      | Reached skill level 1 in Maces & Flails
  1514 | D:4      | Reached skill level 1 in Armour
  1561 | D:4      | Found a staircase to the Ecumenical Temple.
  1570 | D:4      | Noticed an ogre
  1573 | Temple   | Entered the Ecumenical Temple
  1816 | Temple   | Became a worshipper of Trog the Wrathful
  2174 | D:2      | Identified the +2 robe of Muev {rElec rN+ rCorr Dex+4}
  2177 | D:2      | Gained mutation: Your magical nature lets you fly swiftly
                  | and evasively. [Tengu growth]
  2177 | D:2      | Reached XP level 5. HP: 32/32 MP: 6/6
  2728 | D:3      | Reached skill level 2 in Armour
  3098 | D:3      | Reached * piety under Trog
  3101 | D:3      | Reached XP level 6. HP: 37/37 MP: 7/7
  3532 | D:4      | Reached skill level 3 in Armour
  3532 | D:4      | Reached XP level 7. HP: 42/42 MP: 8/8
  3981 | D:4      | Found a blossoming altar of Fedhas.
  4360 | D:4      | Reached skill level 5 in Maces & Flails
  4440 | D:5      | Entered Level 5 of the Dungeon
  4647 | D:5      | Reached skill level 4 in Armour
  4656 | D:5      | Reached XP level 8. HP: 48/48 MP: 9/9
  4709 | D:5      | Reached ** piety under Trog
  4764 | D:5      | Found a runed translucent door.
  4767 | D:5      | Noticed saw2855's ghost (novice MiBe)
  4773 | D:5      | Noticed Eustachio
  4792 | D:5      | Killed Eustachio
  4793 | D:5      | Reached skill level 5 in Fighting
  4878 | D:5      | Reached skill level 5 in Armour
  5282 | D:6      | Found a glowing silver altar of Zin.
  5282 | D:6      | Found a white marble altar of Elyvilon.
  5286 | D:6      | Found a stormy altar of Qazlal.
  5290 | D:6      | Found an iron altar of Okawaru.
  5291 | D:6      | Found a hazy altar of Hepliaklqana.
  5291 | D:6      | Found a burning altar of Makhleb.
  5291 | D:6      | Found a sparkling altar of Nemelex Xobeh.
  5292 | D:6      | Found a radiant altar of Vehumet.
  5295 | D:6      | Found a hide-covered altar of Uskayaw.
  5393 | D:6      | Noticed Dowan
  5394 | D:6      | Noticed Duvessa
  5529 | D:5      | Reached XP level 9. HP: 53/55 MP: 10/10
  5801 | D:6      | Killed Duvessa
  5812 | D:6      | Killed Dowan
  5895 | D:6      | Reached skill level 6 in Armour
  6217 | D:7      | Identified the +1 scale mail "Zoystroes" {Will+ Regen+
                  | Slay+3}
  6241 | D:7      | Found a flagged portal.
  6252 | Bailey   | Entered a bailey
  6347 | Bailey   | Reached *** piety under Trog
  6358 | Bailey   | Reached skill level 7 in Armour
  6378 | Bailey   | Reached skill level 10 in Maces & Flails
  6404 | Bailey   | Reached XP level 10. HP: 63/63 MP: 11/11
  6435 | Bailey   | Noticed Prince Ribbit
  6455 | Bailey   | Noticed a vault guard
  6468 | Bailey   | Killed a vault guard
  6476 | Bailey   | Killed Prince Ribbit
  6501 | Bailey   | Noticed a vault guard
  6518 | Bailey   | Killed a vault guard
  6519 | Bailey   | Reached skill level 8 in Armour
  6755 | D:7      | Noticed a two-headed ogre
  6760 | D:7      | Killed a two-headed ogre
  7531 | D:8      | Noticed Psyche
  7738 | D:8      | Reached XP level 11. HP: 69/69 MP: 12/12
  7741 | D:8      | Reached skill level 9 in Armour
  8045 | D:8      | Killed Psyche
  8215 | D:9      | Found a staircase to the Orcish Mines.
  8256 | D:9      | Identified the +1 chain mail of the Shrike {Dex+3}
  8346 | D:9      | Found Zezev's Distillery.
  8355 | D:9      | Bought a potion of ambrosia for 96 gold pieces
  8446 | D:9      | Reached **** piety under Trog
  8553 | D:9      | Found a staircase to the Lair.
  8686 | D:9      | Reached skill level 10 in Armour
  8799 | Lair:1   | Entered Level 1 of the Lair of Beasts
  8897 | D:9      | Bought a potion of heal wounds for 60 gold pieces
  8897 | D:9      | Bought a potion of curing for 36 gold pieces
  8897 | D:9      | Bought a potion of curing for 36 gold pieces
  8897 | D:9      | Bought a potion of curing for 36 gold pieces
  8999 | Lair:1   | Noticed Grum
  9014 | Lair:1   | Killed Grum
  9373 | Lair:1   | Reached skill level 10 in Fighting
  9479 | Lair:1   | Noticed a six-headed hydra
  9675 | Lair:1   | Killed a six-headed hydra
  9676 | Lair:1   | Reached skill level 11 in Armour
  9734 | Lair:1   | Noticed Joseph
  9741 | Lair:1   | Killed Joseph
 10369 | Lair:1   | Reached XP level 12. HP: 79/79 MP: 13/13
 10552 | Lair:2   | Reached skill level 12 in Armour
 10603 | Lair:2   | Found a staircase to the Snake Pit.
 10941 | Lair:2   | Noticed a four-headed hydra
 10955 | Lair:2   | Killed a four-headed hydra
 11892 | Lair:3   | Noticed a four-headed hydra
 11900 | Lair:3   | Killed a four-headed hydra
 12005 | Lair:3   | Identified a scroll of acquirement
 12005 | Lair:3   | Acquired the +6 fustibalus of Otatergh {freeze, Str+3}
 12131 | Lair:3   | Reached skill level 13 in Armour
 12137 | Lair:3   | Reached skill level 1 in Slings
 12226 | Lair:3   | Noticed a catoblepas
 12237 | Lair:3   | Killed a catoblepas
 12800 | Lair:3   | Found a staircase to the Shoals.
 13115 | Lair:4   | Reached ***** piety under Trog
 13132 | Lair:4   | Reached XP level 13. HP: 84/87 MP: 14/14
 13413 | Lair:4   | Noticed WaxSun's ghost (journeyman OgFE)
 13419 | Lair:4   | Found a runed translucent gate.
 13419 | Lair:4   | Found a runed translucent gate.
 13420 | Lair:4   | Found a runed translucent gate.
 13532 | Lair:4   | Received a gift from Trog
 13541 | Lair:4   | Reached skill level 14 in Armour
 13583 | Lair:4   | Reached skill level 5 in Slings
 14930 | Lair:5   | Found a viscous altar of Jiyva.
 14930 | Lair:5   | Found a staircase to the Slime Pits.
 15417 | Lair:6   | Entered Level 6 of the Lair of Beasts
 15891 | Lair:6   | Reached skill level 15 in Armour
 16020 | Lair:6   | Reached XP level 14. HP: 93/96 MP: 15/15
 16091 | Lair:6   | Found a runed translucent door.
 16471 | Lair:6   | Identified the +9 plate armour of the Midnight Sun {rPois
                  | Str+2 Dex+4}
 16697 | Lair:6   | Noticed Snorg
 16712 | Lair:6   | Killed Snorg
 16728 | Lair:6   | Received a gift from Trog
 17135 | Lair:6   | Reached skill level 16 in Armour
 17352 | Lair:6   | Reached skill level 15 in Fighting
 17784 | D:10     | Entered Level 10 of the Dungeon
 17870 | D:10     | Noticed Maurice
 17886 | D:10     | Killed Maurice
 17927 | D:10     | Received a gift from Trog
 18059 | D:10     | Found a basalt altar of Yredelemnul.
 19584 | D:12     | Reached XP level 15. HP: 76/103 MP: 16/16
 19600 | D:12     | Reached skill level 10 in Slings
 19878 | D:12     | Reached skill level 5 in Dodging
 20661 | D:13     | Slain by a two-headed ogre

Illustrated notes

Levels and vault maps discovered:
D:1:      eino_arrival_cavern_b, layout_basic,
          dreamdust_ecumenical_altar_statues
D:2:      minmay_chambers_of_twos, layout_loops_ring, serial_bayou_crossing
D:3:      layout_rooms, corexii_shack, st_stairs_13
D:4:      layout_basic, lemuel_doored_altar, minmay_temple_entry_junction
D:5:      layout_loops_ring, ebering_ghost_sewer_d, uniq_eustachio
D:6:      layout_gridville, minitemple, uniq_duvessa
D:7:      layout_cave_pools, enter_bailey_3, nicolae_benzene_ring, minivault_10
D:8:      layout_loops_ring, kennysheep_small_spiral, skrybe_limestone_x,
          uniq_psyche
D:9:      layout_roguey, grunt_lair_entry_orc_guard_hut, orc_0_dummy,
          serial_shops, shop, nrook_uturn
D:10:     layout_cave_pools, yredelemnul_forgotten_temple_becter,
          minmay_orc_keep, uniq_maurice
D:11:     layout_irregular_city
D:12:     layout_cave_pools
D:13:     due_megacathedral, layout_cave_pools, david_vaults_4, serial_undead,
          serial_undead_a, serial_undead_d, serial_undead_f, serial_undead_b,
          drop_trap, columned_hall_lemuel
Temple:   minmay_temple_curvy_loop
Lair:1:   layout_cave_pods, wad_woods_06, lemuel_fruit_tree,
          lemuel_fruit_fields, serial_bayou_shore_b, serial_bayou_shore_a,
          grunt_megastairs_4, infiniplex_staircase_pool, uniq_grum, uniq_joseph
Lair:2:   layout_regular_city, minmay_snake_entry_guardpost_small,
          beast_lair_carwin_4
Lair:3:   layout_layer_cave, minmay_shoals_entry_lonely_mermaid
Lair:4:   layout_hall_layers, gammafunk_ghost_split, bobbens_dragon_lair_wall
Lair:5:   layout_loops_ring, slime_altar_1
Lair:6:   hangedman_lair_tendril_chambers, layout_regular_city, wormcave,
          uniq_snorg

Skill      XL: |  1  2  3  4  5  6  7  8  9 10 11 12 13 14 15 |
---------------+----------------------------------------------+-----
Polearms       | 4 |  4.4
Maces & Flails | 1 2 4 5 7 10 12 | 12.0
Armour         | 1 2 3 4 5 7 8 11 13 15 16 | 16.1
Dodging        | 4 5 |  5.9
Fighting       | 3 4 5 7 8 10 12 14 15 | 15.5
Slings         | 3 7 9 10 | 10.8
Throwing       | |  2.0

Action                   |  1- 3 |  4- 6 |  7- 9 | 10-12 | 13-15 || total
-------------------------+-------+-------+-------+-------+-------++-------
Melee: Trident           |    48 |       |       |       |       ||    48
       Kick              |    11 |    24 |    67 |   154 |   335 ||   591
       Peck              |     4 |    12 |    43 |   103 |   229 ||   391
       Whip              |     5 |    95 |   228 |   418 |   803 ||  1549
       Punch             |       |     2 |     4 |     9 |    17 ||    32
 Fire: Fustibalus        |       |       |       |    39 |   123 ||   162
       Shortbow          |       |       |       |    10 |       ||    10
Throw: Throwing net      |     1 |       |       |       |       ||     1
       Dart              |       |       |       |     1 |       ||     1
Invok: Berserk           |       |       |       |     3 |     8 ||    11
       Trog's Hand       |       |       |       |       |     2 ||     2
Evoke: Wand              |       |       |       |    15 |     1 ||    16
  Use: Scroll            |       |       |     9 |    17 |     2 ||    28
 Stab: Sleeping          |     1 |     4 |     1 |       |       ||     6
       Held in net/web   |     1 |       |       |       |       ||     1
Armor: Leather armour    |     5 |       |       |       |       ||     5
       Ring mail         |     5 |    41 |    39 |       |       ||    85
       Scale mail        |       |       |    11 |   106 |    81 ||   198
       Plate armour      |       |       |       |       |   347 ||   347
Dodge: Dodged            |    22 |    80 |   131 |   179 |   423 ||   835
